 Dungeon Crawl Stone Soup version 0.26-a0-466-g989023bd0d (webtiles) character file.

Game seed: 14187151642172920340

254 vurker the Fighter (level 6, -21/64 HPs)
             Began as a Gnoll Wanderer on Aug 8, 2020.
             Demolished by an ogre
             ... wielding a +0 giant club
              (28 damage)
             ... on level 4 of the Dungeon.
             The game lasted 00:05:15 (3453 turns).

vurker the Fighter (Gnoll Wanderer)                 Turns: 3453, Time: 00:05:15

Health: -21/64     AC:  8    Str: 11      XL:     6   Next: 15%
Magic:  8/8        EV:  5    Int: 15 (17) God:
Gold:   202        SH:  0    Dex: 16 (17) Spells: 8/8 levels left

rFire    . . .     SeeInvis .   b - +1 dagger (venom)
rCold    . . .     Faith    .   (no shield)
rNeg     . . .     Spirit   .   l - +0 chain mail
rPois    .         Reflect  .   (no helmet)
rElec    .         Harm     .   (no cloak)
rCorr    .                      (no gloves)
MR       .....                  (no boots)
Stlth    ..........             (no amulet)
HPRegen  0.20/turn              (no ring)
MPRegen  0.11/turn              (no ring)

@: no status effects
A: distributed training, fangs 1, strong nose
a: no special abilities


You were on level 4 of the Dungeon.
You visited 1 branch of the dungeon, and saw 4 of its levels.

You collected 202 gold pieces.

Inventory:

Hand Weapons
 a - a +1 dagger of electrocution
   (You took it off an orc on level 3 of the Dungeon)
 b - a +1 dagger of venom (weapon)
   (You took it off an orc on level 3 of the Dungeon)
Missiles
 n - 5 javelins (quivered)
Armour
 l - a +0 chain mail (worn)
   (You found it on level 1 of the Dungeon)
Wands
 c - a wand of disintegration (19)
   (You found it on level 2 of the Dungeon)
 d - a wand of iceblast (7)
   (You found it on level 3 of the Dungeon)
 x - a wand of acid (9)
   (You found it on level 3 of the Dungeon)
Scrolls
 h - a scroll of magic mapping {unknown}
 j - a scroll of enchant armour {unknown}
 k - 2 scrolls of fear {unknown}
 m - 2 scrolls of remove curse
 p - 3 scrolls of identify {unknown}
 s - 4 scrolls of teleportation
 t - a scroll of fog {unknown}
 v - a scroll of enchant weapon {unknown}
Potions
 e - 2 potions of degeneration
 f - 2 potions of haste {unknown}
 g - 4 potions of curing
 i - a potion of lignification {unknown}
 o - 2 potions of stabbing {unknown}
 q - a potion of might {unknown}
 r - a potion of flight {unknown}
 u - a potion of mutation {unknown}


   Skills:
 + Level 12.1 Fighting
 + Level 1.8 Short Blades
 + Level 1.8 Long Blades
 + Level 1.8 Axes
 + Level 1.8 Maces & Flails
 + Level 1.8 Polearms
 + Level 1.8 Staves
 + Level 1.8 Slings
 + Level 1.8 Bows
 + Level 3.1 Crossbows
 + Level 1.8 Throwing
 + Level 1.8 Armour
 + Level 1.8 Dodging
 + Level 6.2 Stealth
 + Level 1.8 Shields
 + Level 1.8 Unarmed Combat
 + Level 1.8 Spellcasting
 + Level 1.4 Conjurations
 + Level 1.4 Hexes
 + Level 1.4 Summonings
 + Level 1.4 Necromancy
 + Level 1.4 Translocations
 + Level 1.4 Transmutations
 + Level 1.4 Fire Magic
 + Level 1.4 Ice Magic
 + Level 1.4 Air Magic
 + Level 1.4 Earth Magic
 + Level 1.4 Poison Magic
 + Level 2.0 Invocations
 + Level 1.8 Evocations


You had 8 spell levels left.
You didn't know any spells.
Your spell library was empty.

Dungeon Overview and Level Annotations

Branches:
Dungeon (4/15)
 Temple: D:4-7

Altars:
Fedhas
Okawaru
The Shining One


Innate Abilities, Weirdness & Mutations

Your experience applies equally to all skills.
You have very sharp teeth.
Your uncanny sense of smell can sniff out nearby items.


Message History

The worker ant zombie bites you but does no damage.
You hit the worker ant zombie.
Lightning courses through the worker ant zombie!
The worker ant zombie bites you but does no damage.
You hit the worker ant zombie.
The worker ant zombie bites you but does no damage.
You hit the worker ant zombie. The worker ant zombie bites you.
You barely miss the worker ant zombie.
You bite the worker ant zombie, but do no damage.
The worker ant zombie bites you.
You hit the worker ant zombie but do no damage.
The worker ant zombie barely misses you.
You hit the worker ant zombie.
Lightning courses through the worker ant zombie!
You destroy the worker ant zombie!
No target in view!
No target in view!
No target in view!
No target in view!
No target in view!
p - 3 scrolls labeled LYKHLO LUOF (gained 1)
Found an escape hatch in the ceiling.
Found a blossoming altar of Fedhas.
Found an escape hatch in the floor.
Found a mace.
Found a stone staircase leading up.
Found a rapier.
Found a war axe.
Found a scroll labeled LYKHLO LUOF.
No target in view!
Found 6 gold pieces.
An ogre comes into view. It is wielding a +0 giant club.
Found 2 scrolls labeled TEOBI QOEX.
An ogre is nearby!
Your +1 dagger of electrocution stops crackling.
Your +1 dagger of venom begins to drip with poison!
b - a +1 dagger of venom (weapon)
You hit the ogre.
The ogre hits you with a +0 giant club!!
You hit the ogre. You closely miss the ogre.
The ogre hits you with a +0 giant club!!
* * * LOW HITPOINT WARNING * * *
You hit the ogre. You bite the ogre, but do no damage.
The ogre hits you with a +0 giant club!
* * * LOW HITPOINT WARNING * * *
You hit the ogre.
The ogre is poisoned.
You hit the ogre but do no damage.
The ogre hits you with a +0 giant club!!
You die...

.....# #... ...###
#.<. #### .###
#..#####.... .
#.......... #........#
#......## ##.......##
#..#......##
##..##..@...##
########..####..O...##
#...#...#...#
##......##
..#...#...#.#
###.....## .
....#...#...#
##.....## ...
...###.###.###
##...).## ...
....#...#....#
##.....####...
..#...#...#..#
##...........
....#...#....#
###....≈≈≈..


You could see an ogre (poisoned).

Vanquished Creatures
  A phantom (D:3)
  A hound (D:3)
  Terence (D:3)
  A worker ant zombie (D:4)
  2 adders
  An ooze (D:1)
  A worm (D:3)
  3 leopard geckos
  7 orcs (D:3)
  A giant cockroach (D:3)
  12 goblins
  3 hobgoblins
  5 kobolds
  4 quokkas
  2 ball pythons
  12 bats
  6 frilled lizards
  7 rats
70 creatures vanquished.

Notes
Turn   | Place    | Note
-------+----------+-------------------------------------------
     0 | D:1      | Reached skill level 12 in Fighting
     0 | D:1      | vurker the Gnoll Wanderer began the quest for the Orb.
     0 | D:1      | vurker set off with the following items: a +2 hand
                  | crossbow, 24 bolts, a +0 ring mail, a scroll of
                  | teleportation, a +0 dagger
     0 | D:1      | Reached XP level 1. HP: 31/31 MP: 1/1
   110 | D:1      | Reached XP level 2. HP: 37/38 MP: 2/2
   481 | D:1      | Reached XP level 3. HP: 44/44 MP: 3/3
   601 | D:1      | Found a glowing golden altar of the Shining One.
   998 | D:2      | Reached skill level 1 in Invocations
  1072 | D:2      | Reached skill level 1 in Short Blades
  1072 | D:2      | Reached skill level 1 in Long Blades
  1072 | D:2      | Reached skill level 1 in Axes
  1072 | D:2      | Reached skill level 1 in Maces & Flails
  1072 | D:2      | Reached skill level 1 in Polearms
  1072 | D:2      | Reached skill level 1 in Staves
  1072 | D:2      | Reached skill level 1 in Slings
  1072 | D:2      | Reached skill level 1 in Bows
  1072 | D:2      | Reached skill level 1 in Throwing
  1072 | D:2      | Reached skill level 1 in Armour
  1072 | D:2      | Reached skill level 1 in Dodging
  1072 | D:2      | Reached skill level 1 in Shields
  1072 | D:2      | Reached skill level 1 in Unarmed Combat
  1072 | D:2      | Reached skill level 1 in Spellcasting
  1072 | D:2      | Reached skill level 1 in Evocations
  1345 | D:2      | Found an iron altar of Okawaru.
  1404 | D:2      | Reached XP level 4. HP: 51/51 MP: 5/5
  2253 | D:3      | Noticed Terence
  2275 | D:3      | Killed Terence
  2275 | D:3      | Reached skill level 1 in Conjurations
  2275 | D:3      | Reached skill level 1 in Hexes
  2275 | D:3      | Reached skill level 1 in Summonings
  2275 | D:3      | Reached skill level 1 in Necromancy
  2275 | D:3      | Reached skill level 1 in Translocations
  2275 | D:3      | Reached skill level 1 in Transmutations
  2275 | D:3      | Reached skill level 1 in Fire Magic
  2275 | D:3      | Reached skill level 1 in Ice Magic
  2275 | D:3      | Reached skill level 1 in Air Magic
  2275 | D:3      | Reached skill level 1 in Earth Magic
  2275 | D:3      | Reached skill level 1 in Poison Magic
  2535 | D:4      | Noticed a phantom
  2539 | D:4      | Noticed an ogre
  2627 | D:3      | Killed a phantom
  2627 | D:3      | Reached XP level 5. HP: 19/57 MP: 5/7
  3205 | D:3      | Reached XP level 6. HP: 45/64 MP: 8/8
  3384 | D:4      | Found a blossoming altar of Fedhas.
  3453 | D:4      | Demolished by an ogre

Illustrated notes

Levels and vault maps discovered:
D:1:      minmay_arrival_hallway, layout_loops_ring, grunt_decor_arrowhead,
          kennysheep_pointless_box, tso_altar
D:2:      layout_basic, okawaru_ov_weapons_minmay
D:3:      layout_basic, uniq_terence
D:4:      layout_cave_pods, kennysheep_mini, fedhas_ov_isle_minmay,
          minmay_misc_feat_four_crosses, corexii_item_surrounded_by_moat

Skill      XL: |  1  2  3  4  5 |
---------------+----------------+-----
Fighting       | | 12.1
Stealth        | 6 |  6.2
Invocations    | 1 2 |  2.0
Short Blades   | 1 |  1.8
Long Blades    | 1 |  1.8
Axes           | 1 |  1.8
Maces & Flails | 1 |  1.8
Polearms       | 1 |  1.8
Staves         | 1 |  1.8
Slings         | 1 |  1.8
Bows           | 1 |  1.8
Throwing       | 1 |  1.8
Armour         | 1 |  1.8
Dodging        | 1 |  1.8
Shields        | 1 |  1.8
Unarmed Combat | 1 |  1.8
Spellcasting   | 1 |  1.8
Evocations     | 1 |  1.8
Conjurations   | 1 |  1.4
Hexes          | 1 |  1.4
Summonings     | 1 |  1.4
Necromancy     | 1 |  1.4
Translocations | 1 |  1.4
Transmutations | 1 |  1.4
Fire Magic     | 1 |  1.4
Ice Magic      | 1 |  1.4
Air Magic      | 1 |  1.4
Earth Magic    | 1 |  1.4
Poison Magic   | 1 |  1.4
Crossbows      | 3 |  3.1

Action                   |  1- 3 |  4- 6 || total
-------------------------+-------+-------++-------
Melee: Dagger            |   126 |   195 ||   321
       Bite              |    16 |    27 ||    43
       Punch             |       |     1 ||     1
Throw: Javelin           |       |     3 ||     3
  Use: Scroll            |       |     1 ||     1
       Potion            |       |     2 ||     2
 Stab: Sleeping          |     8 |       ||     8
Armor: Ring mail         |    27 |       ||    27
       Chain mail        |    47 |   125 ||   172
Dodge: Dodged            |    65 |    54 ||   119

Table legend: (Time is in decaauts)
 A = Elapsed time spent in this place.
 B = Non-inter-level travel time spent in this place.
 C = Inter-level travel time spent in this place.
 D = Time resting spent in this place.
 E = Time spent auto-exploring this place.
 F = Levels seen in this place.
 G = Mean time per level.
                   A        B        C        D        E       F      G
               +--------+--------+--------+--------+--------+-----+--------+
         Total |   3438 |   3145 |    293 |      0 |   2460 |   4 |  859.5 |
       Dungeon |   3438 |   3145 |    293 |      0 |   2460 |   4 |  859.5 |
               +--------+--------+--------+--------+--------+-----+--------+

Top non-repeatable levels by time:
     D:3: 1482 daAuts
     D:1: 958 daAuts
     D:2: 872 daAuts
     D:4: 125 daAuts
